 Dungeon Crawl Stone Soup version 0.29.1-1-gd02db6906a (webtiles) character file.

Game seed: 12649293140172855358

39 safid the Shooter (level 3, 0/31 HPs)
             Began as a Minotaur Hunter on Oct 21, 2022.
             Slain by Terence
             ... wielding a +2 vorpal flail
              (1 damage)
             ... on level 2 of the Dungeon.
             The game lasted 00:01:20 (1200 turns).

safid the Shooter (Minotaur Hunter)                 Turns: 1200, Time: 00:01:21

Health: 0/31       AC:  3    Str: 15    XL:     3   Next: 26%
Magic:  2/2        EV: 12    Int:  6    God:
Gold:   64         SH:  0    Dex: 15    Spells: 2/2 levels left

rFire   . . .      SeeInvis .   a - +0 shortbow
rCold   . . .      Faith    .   (shield currently unavailable)
rNeg    . . .      Spirit   .   c - +0 leather armour
rPois   .          Reflect  .   (helmet restricted)
rElec   .          Harm     .   (no cloak)
rCorr   .          Rampage  .   (no gloves)
Will    .....                   (no boots)
Stlth   +.........              (no amulet)
HPRegen 0.10/turn               (no ring)
MPRegen 0.08/turn               (no ring)

@: no status effects
A: horns 2, retaliatory headbutt
a: no special abilities


You were on level 2 of the Dungeon.
You visited 1 branch of the dungeon, and saw 2 of its levels.

You collected 64 gold pieces.

Inventory:

Hand Weapons
 a - a +0 shortbow (weapon)
Armour
 c - a +0 leather armour (worn)
Scrolls
 b - a scroll of immolation
 d - a scroll of enchant armour {unknown}
 e - 2 scrolls of identify {unknown}
 h - a scroll of enchant weapon {unknown}
Potions
 f - a potion of curing {unknown}
 g - a potion of haste {unknown}


   Skills:
 - Level 3.0 Fighting
 + Level 5.4 Ranged Weapons
 - Level 2.1 Dodging
 - Level 0.7 Stealth


You had 2 spell levels left.
You didn't know any spells.
Your spell library contained the following spells:

 Spells                   Type           Power      Damage    Failure   Level
 Freeze                   Ice            0%         1d3       52%         1
 Poisonous Vapours        Pois/Air       0%         N/A       67%         2
 Frozen Ramparts          Ice            0%         1d1       88%         3
 Airstrike                Air            0%         2d(0-16)  99%         4
 Hailstorm                Conj/Ice       0%         3d3       99%         4
 Starburst                Conj/Fire      0%         6d3       100%        6
 Storm Form               Tmut/Air       0%         N/A       100%        7


Dungeon Overview and Level Annotations

Branches:
Dungeon (2/15)

Altars:

Annotations:
D:2 Terence


Innate Abilities, Weirdness & Mutations

You have a pair of horns on your head.
You reflexively headbutt those who attack you in melee.


Message History

You shoot an arrow.
The arrow hits Terence but does no damage.
You shoot an arrow. The arrow hits Terence.
Terence is moderately wounded.
You shoot an arrow. The arrow hits Terence.
Terence is moderately wounded.
You shoot an arrow.
The arrow hits Terence but does no damage.
Terence is moderately wounded.
You shoot an arrow. The arrow hits Terence.
Terence is heavily wounded.
Terence hits you with a +2 vorpal flail.
You shoot an arrow. The arrow closely misses Terence.
Terence hits you with a +2 vorpal flail!
Terence barely misses you.
You are too injured to fight recklessly!
You are too injured to fight recklessly!
You are too injured to fight recklessly!
You are too injured to fight recklessly!
Unknown command.
Fire: a) +0 shortbow
Press: ? - help, Q - select action Shift-Dir - straight line, f/p - Terence
Aim: Terence, wielding a +2 vorpal flail and wearing a +0 scale mail (heavily wounded, 65% to hit)
You shoot an arrow. The arrow closely misses Terence.
Terence barely misses you.
Fire: a) +0 shortbow
Press: ? - help, Q - select action Shift-Dir - straight line, f/p - Terence
Aim: Terence, wielding a +2 vorpal flail and wearing a +0 scale mail (heavily wounded, 65% to hit)
You shoot an arrow.
The arrow hits Terence but does no damage.
Terence is heavily wounded.
Terence completely misses you.
Fire: a) +0 shortbow
Press: ? - help, Q - select action Shift-Dir - straight line, f/p - Terence
Aim: Terence, wielding a +2 vorpal flail and wearing a +0 scale mail (heavily wounded, 65% to hit)
You shoot an arrow. The arrow hits Terence.
Terence is severely wounded.
Terence hits you with a +2 vorpal flail!
* * * LOW HITPOINT WARNING * * *
You die...

#######.##.......#
######'#..
.................#
...........
######...........#
...........
#...........#
...........
#.#.........#
#######.#..
#.#..#...##########
#.#..
#.#...............#
#.#..
#.##.#.#.#........#
#.##.
#....#.#..†@@.....#
#. ##
#####.####.......#
......†..
###.####.. .. . ...
... ....


You could see Terence.

Vanquished Creatures
  An adder (D:2)
  A worm (D:2)
  A dart slug (D:1)
  2 ball pythons
  5 bats
  An endoplasm (D:1)
  2 giant cockroaches (D:1)
  5 hobgoblins
  A quokka (D:1)
  A goblin (D:1)
  3 kobolds (D:1)
  A rat (D:2)
24 creatures vanquished.

Notes
Turn   | Place    | Note
-------+----------+-------------------------------------------
     0 | D:1      | safid the Minotaur Hunter began the quest for the Orb.
     0 | D:1      | Reached XP level 1. HP: 18/18 MP: 0/0
   331 | D:1      | Found a faded altar of an unknown god.
   371 | D:1      | Reached XP level 2. HP: 25/25 MP: 1/1
   721 | D:1      | Reached skill level 5 in Ranged Weapons
   823 | D:2      | Reached XP level 3. HP: 25/31 MP: 2/2
  1183 | D:2      | Got the Enchiridion on Breezy Confrontation
  1190 | D:2      | Noticed Terence
  1200 | D:2      | HP: 1/31 [Terence/+2 vorpal flail (10)]
  1200 | D:2      | Slain by Terence

Illustrated notes

Levels and vault maps discovered:
D:1:      wander_arrival_estate, layout_loops_corners,
          shapermc_ecumenical_altar_starsandcircs, item_on_display_a
D:2:      layout_basic, serial_shops, shop, kennysheep_generic_room_12,
          uniq_terence

Skill      XL: |  1  2 |
---------------+-------+-----
Fighting       | 3 |  3.0
Ranged Weapons | 5 |  5.4
Dodging        | |  2.1
Stealth        | |  0.7

Action                   || total
-------------------------++-------
 Fire: Shortbow          ||    76
Armor: Leather armour    ||     5
Dodge: Dodged            ||    16
